 Dungeon Crawl Stone Soup version 0.22.0-75-g3901e79 (webtiles) character file.

2909 lifenoodles the Frost Mage (level 9, -6/61 HPs)
             Began as a Merfolk Ice Elementalist on Sept 13, 2018.
             Was a Follower of Vehumet.
             Mangled by a hornet (14 damage)
             ... on level 7 of the Dungeon on Sept 16, 2018.
             The game lasted 02:16:53 (11808 turns).

lifenoodles the Frost Mage (MfIE)                  Turns: 11808, Time: 02:16:53

Health: -6/61      AC:  9    Str: 11    XL:     9   Next: 78%
Magic:  1/19       EV: 14    Int: 16    God:    Vehumet [*.....]
Gold:   356        SH:  0    Dex: 16    Spells: 6/21 levels left

rFire    . . .     SeeInvis .   a - +1 spear (vamp)
rCold    . . .     Gourm    .   (no shield)
rNeg     . . .     Faith    .   g - +0 leather armour
rPois    .         Spirit   .   t - +0 helmet
rElec    .         Reflect  .   (no cloak)
rCorr    +         Harm     .   q - +1 pair of gloves
MR       .....                  y - +2 pair of boots
Stlth    ++........             (no amulet)
HPRegen  0.20/turn              n - ring of resist corrosion
MPRegen  0.16/turn              u - +3 ring of strength

@: lethally poisoned (-6 -> -10), slowed, very slow
A: change form in water, swift swim, stealthy swim
a: Renounce Religion


You were on level 7 of the Dungeon.
You worshipped Vehumet.
Vehumet was aware of your devotion.
You were not hungry.

You visited 2 branches of the dungeon, and saw 8 of its levels.

You collected 356 gold pieces.

Inventory:

Hand Weapons
 a - a +1 vampiric spear (weapon)
 A - a +0 shortbow
Missiles
 d - 248 stones
 j - 65 bolts
 k - 92 sling bullets
 r - 23 poisoned needles
 v - 5 tomahawks of returning (quivered)
 E - 88 arrows
Armour
 g - a +0 leather armour (worn)
 q - a +1 pair of gloves (worn)
 t - a +0 helmet (worn)
 y - a +2 pair of boots (worn)
Jewellery
 i - an uncursed amulet of guardian spirit
 n - a ring of resist corrosion (left hand)
 u - a +3 ring of strength (right hand)
 F - an uncursed ring of resist corrosion
Wands
 m - a wand of random effects (10)
Scrolls
 h - a scroll of enchant armour
 p - 3 scrolls of amnesia
 s - 4 scrolls of remove curse
 B - 2 scrolls of magic mapping
 C - a scroll of fog
Potions
 b - a potion of brilliance
 e - 2 potions of heal wounds {unknown}
 f - a potion of ambrosia {unknown}
 o - 2 potions of degeneration {unknown}
 w - 2 potions of cancellation {unknown}
 x - 2 potions of might {unknown}
 D - 2 potions of magic {unknown}
 G - a potion of lignification {unknown}
Comestibles
 c - 2 rations
 z - a chunk of flesh


   Skills:
 + Level 2.1 Fighting
   Level 0.8 Short Blades
 + Level 4.9 Polearms
 + Level 1.0 Throwing
 + Level 2.5 Armour
 + Level 4.4 Dodging
 + Level 3.9 Stealth
 + Level 6.9 Spellcasting
 + Level 3.4 Conjurations
 + Level 0.9 Charms
 + Level 0.9 Summonings
 + Level 8.3 Ice Magic
 + Level 1.0 Evocations


You had 6 spell levels left.
You knew the following spells:

 Your Spells              Type           Power        Failure   Level  Hunger
a - Freeze                Ice            ####         1%          1    None
b - Throw Frost           Conj/Ice       ###...       2%          2    None
c - Summon Ice Beast      Ice/Summ       ###.....     24%         4    ####...
d - Ozocubu's Armour      Chrm/Ice       ###.....     8%          3    ##.....
e - Throw Icicle          Conj/Ice       ###.....     14%         4    ####...
f - Shock                 Conj/Air       ##..         9%          1    None

Your spell library contained the following spells:

 Spells                   Type           Power        Failure   Level  Hunger
 Confusing Touch          Hex            #.....       17%         1    None
 Confuse                  Hex            #.......     45%         3    ##.....
 Gell's Gravitas          Tloc           #.........   45%         3    ##.....
 Metabolic Englaciation   Hex/Ice        ###.......   63%         5    #####..
 Petrify                  Tmut/Erth      #.......     86%         4    ####...
 Yara's Violent Unravell  Hex/Tmut       #.........   99%         5    #####..


Dungeon Overview and Level Annotations

Branches:
Dungeon (7/15)             Temple (1/1) D:4

Altars:
Ashenzari
Cheibriados
Dithmenos
Elyvilon
Fedhas
Gozag
Hepliaklqana
Kikubaaqudgha
Makhleb
Nemelex Xobeh
Okawaru
Qazlal
Ru
Sif Muna
Trog
Uskayaw
Vehumet
Wu Jian
Xom
Yredelemnul
The Shining One

Annotations:
D:2 Jessica


Message History

Really fire in your ice beast's direction?
Okay, then.
Casting: Throw Icicle (safe; 14% risk of failure)
Confirm with . or Enter, or press ? or * to list all spells.
Aiming: Throw Icicle (safe; 14% risk of failure)
Press: ? - help, Shift-Dir - straight line, f - water moccasin, p - hornet
Aim: a water moccasin The shard of ice hits the water moccasin.
The water moccasin is moderately wounded.
You feel sick. The hornet stings your ice beast!
Your ice beast dies!
Casting: Throw Icicle (safe; 14% risk of failure)
Confirm with . or Enter, or press ? or * to list all spells.
Aiming: Shock (safe; 9% risk of failure)
Press: ? - help, Shift-Dir - straight line, f - hornet, p - water moccasin
Aim: a hornet (almost dead)
The zap hits the hornet.
The hornet appears unharmed.
The hornet is almost dead.
You feel sick. The hornet stings you!
You die...

#######...####
######............## .
...................# ..
#............#)# ...
##.#..........#.##
....#####..#..........#..#
#.....#.............##.#
...#....#y##.[........##.#
%.....SY.@##.............#
..#.......##..........#..#
#.##................##.. #
#...#####............
...#.# ###.#######..
#..##.# #....######. #..(
#.# ...#........ ...# #.#
######... #...


You could see a hornet, a water moccasin and a friendly ice beast.

Vanquished Creatures
  A two-headed ogre (D:5)
  Pikel (D:3)
  Duvessa (D:5)
  An ice beast (D:7)
  A phantom (D:7)
  A sky beast (D:6)
  An ogre (D:4)
  3 centaurs (D:6)
  Dowan (D:5)
  A wyvern skeleton (D:7)
  2 scorpions
  A howler monkey (D:5)
  3 crimson imps (D:6)
  A jelly (D:6)
  2 orc priests
  Crazy Yiuf (D:5)
  An iguana (D:7)
  9 orc wizards
  6 worker ants
  9 adders
  2 adder skeletons (D:4)
  3 worms (D:2)
  A dart slug (D:3)
  2 leopard geckos
  15 orcs
  9 bats
  3 giant cockroaches
  7 goblins
  7 hobgoblins
  3 jackals (D:4)
  8 kobolds
  3 quokkas
  A ball python (D:4)
  6 frilled lizards
  A jackal skeleton (D:5)
  10 rats
128 creatures vanquished.

Vanquished Creatures (collateral kills)
  3 ogres
  A jelly (D:7)
  An orc wizard (D:6)
  A killer bee zombie (D:6)
  A hound skeleton (D:7)
  An orc (D:4)
  4 kobolds (D:7)
12 creatures vanquished.

Vanquished Creatures (others)
  A big kobold (D:7)
  An adder (D:4)
2 creatures vanquished.

Grand Total: 142 creatures vanquished

Notes
Turn   | Place    | Note
-------+----------+-------------------------------------------
     0 | D:1      | lifenoodles the Merfolk Ice Elementalist began the quest
                  | for the Orb.
     0 | D:1      | Reached XP level 1. HP: 13/13 MP: 3/3
   395 | D:1      | Reached XP level 2. HP: 18/19 MP: 0/5
   873 | D:1      | Learned a level 2 spell: Throw Frost
  1378 | D:2      | Reached XP level 3. HP: 24/24 MP: 0/6
  1516 | D:2      | Reached skill level 1 in Conjurations
  1731 | D:2      | Reached skill level 4 in Ice Magic
  1945 | D:2      | Reached XP level 4. HP: 30/30 MP: 3/7
  1946 | D:2      | Noticed Jessica
  2698 | D:2      | Learned a level 4 spell: Summon Ice Beast
  3388 | D:3      | Found a hide-covered altar of Uskayaw.
  3543 | D:3      | Reached XP level 5. HP: 25/36 MP: 1/9
  4115 | D:3      | You fall through a shaft!
  4346 | D:4      | Reached XP level 6. HP: 42/42 MP: 6/10
  4416 | D:5      | Entered Level 5 of the Dungeon
  5442 | D:4      | Found an iron altar of Okawaru.
  5538 | D:4      | Found a staircase to the Ecumenical Temple.
  5563 | Temple   | Entered the Ecumenical Temple
  5723 | Temple   | Became a worshipper of Vehumet
  5778 | D:4      | Noticed Pikel
  5781 | D:4      | Noticed a slave
  5782 | D:4      | Noticed a slave
  5900 | D:4      | Noticed a slave
  5903 | D:4      | Noticed a slave
  5915 | D:3      | Killed Pikel
  5915 | D:3      | Reached skill level 1 in Fighting
  5915 | D:3      | Reached skill level 1 in Armour
  5915 | D:3      | Reached skill level 5 in Ice Magic
  5915 | D:3      | Reached XP level 7. HP: 12/48 MP: 0/13
  6314 | D:4      | Learned a level 3 spell: Ozocubu's Armour
  6416 | D:4      | Found a sacrificial altar of Ru.
  6608 | D:4      | Reached XP level 8. HP: 23/54 MP: 7/15
  6812 | D:5      | Noticed Dowan
  6814 | D:5      | Noticed Duvessa
  6932 | D:5      | Noticed a two-headed ogre
  7402 | D:5      | Reached skill level 6 in Ice Magic
  7522 | D:5      | Found a runed door.
  7526 | D:5      | Noticed Crazy Yiuf
  7531 | D:5      | Killed Crazy Yiuf
  7573 | D:5      | Killed Duvessa
  7573 | D:5      | Reached skill level 5 in Spellcasting
  7588 | D:5      | Killed Dowan
  7628 | D:5      | HP: 2/54 [poisoned by Dowan]
  8039 | D:5      | Found a basalt altar of Yredelemnul.
  8328 | D:5      | Killed a two-headed ogre
  8328 | D:5      | Reached skill level 7 in Ice Magic
  8328 | D:5      | Reached XP level 9. HP: 13/59 MP: 5/17
  9022 | D:6      | Got a shimmering scale mail
  9023 | D:6      | Identified the cursed +0 scale mail of the Cockatrice {MR+
                  | Stlth+} (You found it on level 6 of the Dungeon)
 10109 | D:6      | Reached skill level 1 in Throwing
 10438 | D:6      | Found an ornate altar of the Wu Jian Council.
 10449 | D:6      | Learned a level 4 spell: Throw Icicle
 10452 | D:6      | Found a sparkling altar of Nemelex Xobeh.
 10459 | D:6      | Found a basalt altar of Yredelemnul.
 11172 | D:7      | Noticed a hornet
 11184 | D:7      | Reached skill level 8 in Ice Magic
 11187 | D:7      | Paralysed by a hornet for 3 turns
 11448 | D:7      | Found a blossoming altar of Fedhas.
 11529 | D:7      | Reached * piety under Vehumet
 11529 | D:7      | Offered knowledge of Shock by Vehumet.
 11571 | D:7      | Reached skill level 1 in Evocations
 11759 | D:7      | Learned a level 1 spell: Shock
 11800 | D:7      | Paralysed by a hornet for 2 turns
 11808 | D:7      | Mangled by a hornet

Skill      XL: |  1  2  3  4  5  6  7  8  9 |
---------------+----------------------------+-----
Dodging        | 3 4 |  4.4
Conjurations   | 1 2 3 |  3.4
Ice Magic      | 4 5 7 8 |  8.3
Spellcasting   | 3 4 5 6 |  6.9
Fighting       | 1 2 |  2.1
Polearms       | 2 3 4 |  4.9
Armour         | 1 2 |  2.5
Stealth        | 3 |  3.9
Throwing       | 1 |  1.0
Evocations     | 1 |  1.0
Short Blades   | |  0.8
Charms         | |  0.9
Summonings     | |  0.9

Action                   |  1- 3 |  4- 6 |  7- 9 || total
-------------------------+-------+-------+-------++-------
Melee: Club              |     1 |       |       ||     1
       Unarmed           |     1 |       |       ||     1
       Short sword       |    13 |    40 |       ||    53
       Spear             |       |    28 |   213 ||   241
Throw: Stone             |     3 |     4 |       ||     7
       Tomahawk          |       |     3 |     5 ||     8
 Cast: Freeze            |    27 |    34 |    47 ||   108
       Throw Frost       |    15 |    48 |    90 ||   153
       Summon Ice Beast  |       |       |    13 ||    13
       Ozocubu's Armour  |       |       |     7 ||     7
       Throw Icicle      |       |       |    14 ||    14
       Shock             |       |       |     1 ||     1
Evoke: Wand              |       |     1 |     6 ||     7
  Use: Scroll            |     4 |     9 |    10 ||    23
       Potion            |       |       |     7 ||     7
 Stab: Sleeping          |     1 |     4 |     3 ||     8
       Invisible         |       |       |     1 ||     1
       Distracted        |       |       |     2 ||     2
  Eat: Chunk             |     5 |     6 |    13 ||    24
       Ration            |       |     4 |     3 ||     7
Armor: Robe              |    10 |     4 |       ||    14
       Leather armour    |       |    35 |    76 ||   111
Dodge: Dodged            |    27 |    48 |   169 ||   244
